 Dungeon Crawl Stone Soup version 0.18-a0-902-g8738618 (webtiles) character file.

31 Jmtri7 the Charlatan (level 3, -3/26 HPs)
             Began as a Formicid Artificer on Dec 25, 2015.
             Hit by a large rock thrown by a cyclops (27 damage)
             ... on level 13 of the Dungeon.
             The game lasted 00:03:42 (478 turns).

Jmtri7 the Charlatan (Formicid Artificer)            Turns: 478, Time: 00:03:42

Health: -3/26      AC:  4    Str: 16    XL:     3   Next: 40%
Magic:  6/6        EV: 11    Int: 11    God:
Gold:   23         SH:  0    Dex: 11    Spells: 0 memorised, 2 levels left

rFire  . . .     SeeInvis +     l - +0 short sword
rCold  . . .     Gourm    .     b - +0 leather armour
rNeg   . . .     Faith    +     (no shield)
rPois  .         Spirit   .     (helmet unavailable)
rElec  .         Dismiss  .     (no cloak)
rCorr  .         Reflect  .     g - +0 pair of gloves of the Hot Ocelot {MR+ Slay+3}
SustAt .         Harm     .     (no boots)
MR     +....                    i - amulet of faith
Stlth  +.........               (no ring)
                                (no ring)

@: somewhat resistant to hostile enchantments, very unstealthy
A: permanent stasis, dig shafts and tunnels, four strong arms, antennae 3
a: Dig, Shaft Self


You were on level 13 of the Dungeon.
You were near starving.

You visited 1 branch of the dungeon, and saw 10 of its levels.

You collected 23 gold pieces.

Inventory:

Hand Weapons
 h - a +0 hand crossbow
 l - a +0 short sword (weapon)
Armour
 b - a +0 leather armour (worn)
 g - the +0 pair of gloves of the Hot Ocelot (worn) {MR+ Slay+3}
   (You found it on level 15 of the Dungeon)

   It affects your accuracy and damage with ranged weapons and melee attacks
   (+3).
   It affects your resistance to hostile enchantments.
 j - a +1 pair of gloves
 k - a +0 pair of boots
Jewellery
 i - an amulet of faith (around neck)
Wands
 c - a wand of flame (15/48)
 d - a wand of enslavement (11/24)
 e - a wand of random effects (15/48)
Potions
 a - a potion of invisibility {unknown}
Comestibles
 f - 2 bread rations


   Skills:
 - Level 1.1 Fighting
 - Level 1.0 Short Blades
 - Level 1.7 Dodging
 - Level 1.2 Stealth
 + Level 4.6 Evocations


You had 2 spell levels left.
You didn't know any spells.

Dungeon Overview and Level Annotations

Branches:
Dungeon (15/15)
 Temple: D:4-7         Lair: D:8-11         Orc: D:9-12      Vaults: D:13-14
 Depths: D:15

Altars:


Innate Abilities, Weirdness & Mutations

You are under a permanent stasis effect.
You can dig through walls and to a lower floor.
Your four strong arms can wield two-handed weapons with a shield.
You have a pair of large antennae on your head (SInv).


Message History

Your komodo dragon bites the crimson imp!
The crimson imp dies!
You have reached level 3!
Your experience leads to an increase in your attributes!
Increase (S)trength, (I)ntelligence, or (D)exterity?
You feel stronger.
You see here a pair of boots.
k - a pair of boots
Found a halberd.
Found 16 stones and a disc of storms.
Found a stone staircase leading down.
A cyclops comes into view.
The cyclops shouts!
Found 22 stones.
Are you sure you want to shaft yourself?
You are near starving!
You begin to dig a shaft.
You continue digging a shaft.
The cyclops throws a large rock.
The large rock hits you!!
Ouch! That really hurt!
You die...

.. (..# ..> ...# ....
#...### ....#####......
...............a
...........# #..######
.C.}.......# #........
.......@...# #.#######
...(....l..# .#
...........# .#
...........#####.#
.................#######
.....................[..
.................####...
..#######..###...# #...
#..# #...# #...


You could see a cyclops and a friendly komodo dragon.

Vanquished Creatures (collateral kills)
  A crimson imp (D:13)
  A worker ant (D:13)
2 creatures vanquished.

Notes
Turn   | Place    | Note
--------------------------------------------------------------
     0 | D:1      | Jmtri7 the Formicid Artificer began the quest for the Orb.
     0 | D:1      | Reached XP level 1. HP: 15/15 MP: 3/3
     8 | D:1      | You fall through a shaft!
    11 | D:2      | You fall through a shaft for 2 floors!
    14 | D:4      | You fall through a shaft for 3 floors!
    17 | D:7      | You fall through a shaft for 3 floors!
    17 | D:10     | Entered Level 10 of the Dungeon
    20 | D:10     | You fall through a shaft!
    20 | D:11     | Noticed a worker ant
    23 | D:11     | You fall through a shaft!
    26 | D:12     | You fall through a shaft for 2 floors!
    26 | D:14     | Noticed a vampire mosquito
    28 | D:14     | Noticed a vampire mosquito
    29 | D:14     | You fall through a shaft!
    29 | D:15     | Entered Level 15 of the Dungeon
   154 | D:15     | Got a pair of fine gloves
   160 | D:15     | Identified the cursed +0 pair of gloves of the Hot Ocelot {MR+ Slay+3} (You found it on level 15 of the Dungeon)
   189 | D:15     | Noticed a vampire mosquito
   241 | D:15     | Noticed an ice beast
   301 | D:14     | Noticed a killer bee
   302 | D:14     | Noticed a killer bee
   400 | D:13     | Noticed a worker ant
   410 | D:13     | Noticed a komodo dragon
   410 | D:13     | Noticed a worker ant
   418 | D:13     | Killed a worker ant
   418 | D:13     | Reached skill level 4 in Evocations
   418 | D:13     | Reached XP level 2. HP: 21/21 MP: 5/5
   462 | D:13     | Reached XP level 3. HP: 22/26 MP: 6/6
   476 | D:13     | Noticed a cyclops
   478 | D:13     | Hit by a large rock thrown by a cyclops

Vault maps used:
D:1:      minmay_arrival_glassed_features
D:2:      item_on_display_a, uniq_crazy_yiuf_cottage
D:4:      black_bear_nest_1, fedhas_altar_2, temple_green, patterned_corridor,
          uniq_grinder
D:7:      nicolae_dithmenos_the_darkroom
D:10:     dpeg_oklobed_lair
D:11:     lab_entry_generic, hangedman_tell_no_tales
D:12:     minmay_splitting_lines, uniq_maud
D:13:     david_vaults_3, hex_medium
D:15:     grunt_enter_depths_giant_problem, old_standard_altar

Action                   || total
-------------------------++-------
Melee: Short sword       ||     4
 Abil: Shaft Self        ||     9
Evoke: Wand              ||     4
  Use: Scroll            ||     1
